 Dungeon Crawl Stone Soup version 0.29-a0-892-g2c4c91d9db (webtiles) character file.

Game seed: 10036126066545589322

178 Majang the Slasher (level 5, -6/40 (43) HPs)
             Began as a Barachi Fighter on July 23, 2022.
             Mangled by an ogre
             ... wielding a +0 giant club
              (30 damage)
             ... on level 4 of the Dungeon.
             The game lasted 00:11:24 (3162 turns).

Majang the Slasher (Barachi Fighter)                Turns: 3162, Time: 00:11:24

HP:   -6/40 (43)    AC:  7    Str: 24    XL:     5   Next: 58%
MP:   5/5           EV:  9    Int:  8    God:
Gold: 31            SH:  5    Dex: 13    Spells: 4/4 levels left

rFire   . . .      SeeInvis .   a - +2 falchion (vorpal)
rCold   . . .      Faith    .   c - +0 buckler
rNeg    . . .      Spirit   .   t - +0 scale mail
rPois   .          Reflect  .   (no helmet)
rElec   .          Harm     .   (no cloak)
rCorr   .          Rampage  .   (no gloves)
Will    .....                   (no boots)
Stlth   ..........              (no amulet)
HPRegen 0.13/turn               s - +6 ring of strength
MPRegen 0.09/turn               (no ring)

@: drained, slow
A: amphibious, slowness 1, strong legs 1, +LOS
a: Hop


You were on level 4 of the Dungeon.
You visited 1 branch of the dungeon, and saw 4 of its levels.

You collected 200 gold pieces.
You spent 169 gold pieces at shops.

Inventory:

Hand Weapons
 a - a +2 vorpal falchion (weapon)
 b - a +1 long sword of holy wrath
 n - a +0 long sword
Armour
 c - a +0 buckler (worn)
 t - a +0 scale mail (worn)
Jewellery
 p - a ring of ice
 s - a +6 ring of strength (left hand)
Scrolls
 h - a scroll of magic mapping
Potions
 d - 2 potions of might
 e - a potion of mutation {unknown}
 j - a potion of magic {unknown}
 k - a potion of degeneration {unknown}
 m - 4 potions of curing
 r - a potion of haste {unknown}
 u - a potion of resistance {unknown}
 v - 2 potions of brilliance {unknown}


   Skills:
 + Level 4.9 Fighting
 * Level 5.3 Long Blades
 + Level 0.6 Ranged Weapons
 + Level 3.8 Armour
 + Level 0.6 Dodging
 + Level 3.4 Shields


You had 4 spell levels left.
You didn't know any spells.
Your spell library was empty.

Dungeon Overview and Level Annotations

Branches:
Dungeon (4/15)
 Temple: D:4-7

Altars:
Gozag
Wu Jian
Xom

Shops:
D:3 *


Innate Abilities, Weirdness & Mutations

You are amphibious.
You cover ground slowly.
You can hop short distances.
You have an extended range of vision and can be seen from far away.


Message History

The gnoll hits you with a +2 flail of draining.
You feel drained.
You slash the gnoll!
The gnoll is almost dead.
The gnoll hits you but does no damage.
You feel drained.
You hit the gnoll.
You kill the gnoll!
Items here: ))) [ †.
Okay, then.
You start resting.
HP restored.
Unknown command.
There is a stone staircase leading up here.
There is a stone staircase leading down here.
You climb downwards.
The kobold shouts!
There is a stone staircase leading up here.
The kobold barely misses you.
You hit the kobold.
You kill the kobold!
A goblin comes into view. It is wielding a +0 club.
The goblin shouts!
You hear a shout!
You see here a +0 whip.
The goblin barely misses you.
You closely miss the goblin.
An ogre comes into view. It is wielding a +0 giant club.
The goblin closely misses you.
You barely miss the goblin. The goblin hits you but does no damage.
The ogre attacks as you move away! The ogre hits you with a +0 giant club.
You see here a +0 whip.
The goblin attacks as you move away! You block the goblin's attack.
You hit the goblin.
You kill the goblin!
The ogre hits you with a +0 giant club!
You hit the ogre but do no damage. You hit the ogre.
The ogre is lightly wounded.
The ogre hits you with a +0 giant club!!
Ouch! That really hurt!
You die...

.* *.#,###****#### ***,,,,,**, ,*
*,#,***,,,,...#** *,,,,,,*, ,*
**,*,,,,,***....,* *,,,,,,*, ,**
*,,,***#####.#.#,* ***,****, ,,*
*,,,+,,,.....#.#,**** *,*,,,,
,,***,,,*,,,,....#.#,*,,* *,*,***
,,,,,,,,*,*###...#.#,*,** *,*,,,,
,**,,,,,*,*#...###.#,*,* *,****,
***,,,***,*#.#.O@.<#,*,* *,* *,
***,,,***,*#,#######,*,* *,****,
,,,,,,,,*,**,,,*** *,*,* *,,,,,,
,,,,,,,,,,*,,,,,,***,,,* *******
*******,***,,,,,,,,***** * ,,*
*,**,,,,,,,,,,,,,*** *
*,*****,**,,,,,,,,,,**,,,***
*,*,,,,,*,,,,,*,,,,,*,,,,,,*** **
,,*,*****,,,,,,,,,,**,,,,,,,,***,


You could see an ogre.

Vanquished Creatures
  A gnoll bouda (D:3)
  2 gnolls (D:3)
  8 adders
  3 dart slugs
  6 endoplasms
  3 giant cockroaches
  5 goblins
  5 hobgoblins
  A quokka (D:1)
  8 ball pythons
  2 bats (D:3)
  2 frilled lizards
  9 kobolds
  3 rats (D:1)
58 creatures vanquished.

Notes
Turn   | Place    | Note
-------+----------+-------------------------------------------
     0 | D:1      | Majang the Barachi Fighter began the quest for the Orb.
     0 | D:1      | Reached XP level 1. HP: 18/18 MP: 1/1
   445 | D:1      | Reached skill level 3 in Long Blades
   445 | D:1      | Reached XP level 2. HP: 19/25 MP: 2/2
   828 | D:2      | Found a shimmering altar of Xom.
   917 | D:2      | Reached XP level 3. HP: 30/30 MP: 3/3
  1218 | D:2      | Reached skill level 4 in Long Blades
  1317 | D:2      | Reached XP level 4. HP: 30/38 MP: 4/4
  1687 | D:2      | Found a faded altar of an unknown god.
  1752 | D:3      | Reached skill level 5 in Long Blades
  1922 | D:3      | Found Itiocixem's Assorted Antiques.
  1927 | D:3      | Bought a glowing long sword for 169 gold pieces
  1947 | D:3      | Reached XP level 5. HP: 43/43 MP: 5/5
  2420 | D:3      | Found an ornate altar of the Wu Jian Council.
  2420 | D:3      | Found an opulent altar of Gozag.
  2470 | D:4      | Noticed an ogre
  3156 | D:4      | Noticed an ogre
  3162 | D:4      | Mangled by an ogre

Illustrated notes

Levels and vault maps discovered:
D:1:      shiori_shiawase, layout_basic
D:2:      minmay_general_purpose_star, layout_rooms,
          ebering_ecumenical_altar_rust, basic_altar, minmay_snake_closets
D:3:      layout_loops_cross, gammafunk_temple_overflow_wave, serial_shops, shop
D:4:      minmay_skewed_foursquare, layout_basic,
          hellmonk_ghost_happy_afterlife, st_stairs_13, kennysheep_crisscross,
          serial_bayou_lake_a, uniq_pargi, uniq_grinder

Skill      XL: |  1  2  3  4 |
---------------+-------------+-----
Long Blades    | 3 4 5 |  5.3
Fighting       | 4 |  4.9
Ranged Weapons | |  0.6
Armour         | |  3.8
Dodging        | |  0.6
Shields        | |  3.4

Action                   |  1- 3 |  4- 6 || total
-------------------------+-------+-------++-------
Melee: Long sword        |    91 |    65 ||   156
       Falchion          |       |    32 ||    32
 Abil: Hop               |       |     2 ||     2
  Use: Scroll            |       |     7 ||     7
Armor: Scale mail        |    27 |    38 ||    65
Dodge: Dodged            |    38 |    43 ||    81
Block: Buckler           |    15 |    17 ||    32

Table legend: (Time is in decaauts)
 A = Elapsed time spent in this place.
 B = Non-inter-level travel time spent in this place.
 C = Inter-level travel time spent in this place.
 D = Time resting spent in this place.
 E = Time spent auto-exploring this place.
 F = Levels seen in this place.
 G = Mean time per level.
                   A        B        C        D        E       F      G
               +--------+--------+--------+--------+--------+-----+--------+
         Total |   3560 |   3416 |    144 |    814 |   2039 |   4 |  890.0 |
       Dungeon |   3560 |   3416 |    144 |    814 |   2039 |   4 |  890.0 |
               +--------+--------+--------+--------+--------+-----+--------+

Top non-repeatable levels by time:
     D:3: 1435 daAuts
     D:2: 1034 daAuts
     D:1: 945 daAuts
     D:4: 145 daAuts
